 Dungeon Crawl Stone Soup version 0.30-a0-377-g5cb311b (webtiles) character file.

Game seed: 15315232187823530860

33763 Tablelion the Markself (level 13, -7/76 HPs)
             Began as a Deep Elf Conjurer on Nov 26, 2022.
             Was an Elder of Vehumet.
             Shot with an arrow by a salamander (11 damage)
             ... on level 1 of the Snake Pit on Nov 27, 2022.
             The game lasted 01:35:57 (15588 turns).

Tablelion the Markself (Deep Elf Conjurer)         Turns: 15588, Time: 01:35:57

Health: -7/76      AC: 11    Str:  4    XL:     13   Next: 38%
Magic:  0/32       EV: 15    Int: 36    God:    Vehumet [****..]
Gold:   711        SH:  0    Dex: 13    Spells: 16/38 levels left

rFire   + . .      SeeInvis .    l - +3 triple crossbow (elec)
rCold   . . .      Faith    .    (shield currently unavailable)
rNeg    + . .      Spirit   +    E - +1 robe of Gluttony {Contam rN+ Archmagi}
rPois   +          Reflect  .    f - +0 helmet
rElec   .          Harm     .    (no cloak)
rCorr   .          Rampage  .    (no gloves)
Will    +....      Archmagi +    P - +2 pair of boots {Stlth+}
Stlth   ++++......               i - amulet of guardian spirit
HPRegen 0.32/turn                K - ring "Leucven" {Contam +Blink rPois rF+ Int+7}
MPRegen 0.23/turn                x - +4 ring of protection

@: lethally poisoned (-7 -> -15)
A: no striking features
a: Renounce Religion, Evoke Blink


You were on level 1 of the Snake Pit.
You worshipped Vehumet.
Vehumet was greatly pleased with you.
You visited 4 branches of the dungeon, and saw 14 of its levels.
You also visited: Bailey.

You collected 711 gold pieces.

Inventory:

Hand Weapons
 d - a +1 sling
 k - a +1 whip of draining
 l - a +3 triple crossbow of electrocution (weapon)
 t - a +2 antimagic dagger
 V - the +1 falchion "Tuded" {chaos, rF+ rC+ Int+3}
   (You found it on level 2 of the Lair of Beasts)

   Each time it hits an enemy it has a different, random effect.
   Int:       It affects your intelligence (+3).
   rF:        It protects you from fire.
   rC:        It protects you from cold.
Missiles
 T - 2 throwing nets
Armour
 a - a +0 robe
 c - a +2 buckler
 f - a +0 helmet (worn)
 E - the +1 robe of Gluttony (worn) {Contam rN+ Archmagi}
   (You found it on level 6 of the Dungeon)

   rN:        It protects you from negative energy.
   Contam:    It causes magical contamination when unequipped.
   Archmagi:  It increases the power of your magical spells.
 P - a +2 pair of boots of stealth (worn)
 R - a scarf of shadows
Magical Staves
 U - a staff of conjuration
Jewellery
 b - a +4 ring of evasion
 g - a ring of protection from fire
 i - an amulet of guardian spirit (around neck)
 v - a +6 ring of dexterity
 x - a +4 ring of protection (right hand)
 y - a ring of positive energy
 K - the ring "Leucven" (left hand) {Contam +Blink rPois rF+ Int+7}
   (You found it on level 8 of the Dungeon)

   [ring of protection from fire]

   Int:       It affects your intelligence (+7).
   rF:        It protects you from fire.
   rPois:     It protects you from poison.
   +Blink:    It lets you blink.
   Contam:    It causes magical contamination when unequipped.
 L - a +4 ring of evasion
 S - an amulet of faith
Wands
 s - a wand of light (4)
 z - a wand of polymorph (16)
 D - a wand of flame (29)
 I - a wand of roots (14)
 O - a wand of mindburst (13)
Scrolls
 m - 2 scrolls of poison
 p - 7 scrolls of teleportation
 q - a scroll of butterflies
 r - a scroll of summoning
 u - 3 scrolls of noise
 B - a scroll of amnesia {unknown}
 F - a scroll of silence
 G - a scroll of immolation {unknown}
 J - a scroll of magic mapping
 M - 2 scrolls of vulnerability
 W - a scroll of identify
Potions
 e - a potion of ambrosia
 h - 2 potions of degeneration
 j - a potion of curing
 n - 2 potions of flight
 o - a potion of berserk rage
 w - a potion of cancellation
 C - a potion of lignification
 H - 3 potions of might
 Q - a potion of haste
 X - a potion of mutation {unknown}
Miscellaneous
 A - a phial of floods
 N - a phial of floods


   Skills:
 + Level 7.1 Fighting
 + Level 0.1 Short Blades
 + Level 0.5 Maces & Flails
 + Level 16.5 Ranged Weapons
 + Level 7.1 Dodging
 + Level 5.0 Stealth
 + Level 3.4 Shields
 + Level 13.3 Spellcasting
 + Level 9.7 Conjurations
 + Level 1.6 Hexes
 + Level 5.2 Translocations
 + Level 1.8 Fire Magic
 + Level 1.2 Air Magic
 + Level 6.6 Earth Magic
 + Level 1.9 Poison Magic
 + Level 2.2 Evocations


You had 16 spell levels left.
You knew the following spells:

 Your Spells              Type           Power      Damage    Failure   Level
a - Magic Dart            Conj           100%       1d8       1%          1
b - Searing Ray           Conj           100%       2d8       1%          2
c - Iskenderun's Mystic   Conj/Tloc      86%        2d17      1%          4
d - Sandblast             Erth           100%       2d20      1%          1
e - Portal Projectile     Hex/Tloc       100%       N/A       1%          3
f - Scorch                Fire           100%       2d10      1%          2
g - Poisonous Vapours     Pois/Air       100%       N/A       1%          2
h - Stone Arrow           Conj/Erth      100%       3d13      1%          3
i - Flame Wave            Conj/Fire      78%        2d17      1%          4

Your spell library contained the following spells:

 Spells                   Type           Power      Damage    Failure   Level
 Beastly Appendage        Tmut           72%        N/A       1%          1
 Dazzling Flash           Conj/Hex       100%       N/A       1%          3
 Mephitic Cloud           Conj/Pois/Air  70%        N/A       1%          3
 Fulminant Prism          Conj/Hex       38%        3d17      1%          4
 Passage of Golubria      Tloc           75%        N/A       1%          4
 Call Imp                 Summ           36%        N/A       2%          2
 Wereblood                Tmut           36%        N/A       2%          2
 Tukima's Dance           Hex            52%        N/A       2%          3
 Spider Form              Tmut/Pois      46%        N/A       3%          3
 Leda's Liquefaction      Hex/Erth       34%        N/A       3%          4
 Call Canine Familiar     Summ           36%        N/A       4%          3
 Yara's Violent Unravell  Hex/Tmut       22%        3d10      9%          5


Dungeon Overview and Level Annotations

Branches:
Dungeon (9/15)             Temple (1/1) D:4            Lair (3/5) D:9
 Shoals (0/4) Lair:2        Snake (1/4) Lair:3       Bailey (visited)
    Orc: D:9-12

Altars:
Ashenzari
Fedhas
Gozag
Kikubaaqudgha
Nemelex Xobeh
Ru
Trog
Vehumet
Wu Jian
The Shining One

Shops:
D:9 *

Annotations:
Snake:1 2 runed translucent doors, Aizul


Message History

Casting: Flame Wave (safe; 1% risk of failure)
Confirm with . or Enter, or press ? or * to list all spells.
Aiming: Sandblast (safe; 1% risk of failure)
Press: ? - help, Shift-Dir - straight line, f - salamander
Aim: a salamander, wielding a +0 shortbow of flaming (moderately wounded, 91% to hit)
You feel a surge of power!
The blast of sand hits the salamander!!
The salamander is heavily wounded.
You hear a shout!
The salamander shoots an arrow.
The arrow hits you!
* * * LOW HITPOINT WARNING * * *
The arrow burns you.
* * * LOW HITPOINT WARNING * * *
The naga sharpshooter spits poison at you.
The splash of poison hits you. You resist.
* * * LOW HITPOINT WARNING * * *
The naga sharpshooter spits poison at you.
The splash of poison hits you.
You are poisoned.
You resist.
* * * LOW HITPOINT WARNING * * *
You feel better.
The salamander shoots an arrow.
The arrow closely misses you.
The naga sharpshooter gestures wildly while chanting.
The naga sharpshooter magically shoots an arrow.
The arrow hits you.
* * * LOW HITPOINT WARNING * * *
Aizul the Neglectful Guardian comes into view.
The air fills with toxic fumes!
As you read the scroll of poison, it crumbles to dust.
Aizul casts a spell at you. The poison arrow hits you.
You are poisoned.
* * * LOW HITPOINT WARNING * * *
The salamander shoots an arrow.
The arrow hits you.
* * * LOW HITPOINT WARNING * * *
The arrow burns you.
The naga sharpshooter shoots an arrow.
The arrow hits you!
* * * LOW HITPOINT WARNING * * *
* * * LOW HITPOINT WARNING * * *
You feel very sick.
The salamander shoots an arrow.
The arrow hits you!
You die...

.. ##### #. #...# #. #...#
##. #. #...####...
###.###.#######...#..<...
§§§..#.............>....
#§!.# #####§§..†...)...
..§##§NS###§§§§§#####...###
N..§§§§§N§.@§##### #...#
...§§######### #...# ....
.....# ##. #.....# #
#.....# #######


You could see Aizul, a naga sharpshooter and a salamander.

Vanquished Creatures
  4 hydras
  2 two-headed ogres
  A boulder beetle (Lair:2)
  A death yak (Lair:2)
  A shock serpent (Snake:1)
  3 merfolk sirens (Lair:2)
  5 black mambas
  A naga mage (Snake:1)
  7 elephants (Lair:2)
  12 cane toads
  9 komodo dragons
  A rime drake (Lair:2)
  3 polar bears
  A troll (D:9)
  A merfolk (Lair:2)
  A hornet (D:9)
  Grinder (D:6)
  11 blink frogs
  3 dream sheep (Lair:2)
  Sigmund (D:2)
  5 wyverns
  A shadow (D:7)
  21 yaks
  5 basilisks
  4 steam dragons
  9 nagas
  11 water moccasins
  An ice beast (D:7)
  2 orc warriors
  2 sky beasts (D:7)
  2 black bears
  5 ogres
  16 wolves
  5 centaurs
  A phantom (D:5)
  2 kobold brigands
  2 gnoll sergeants
  7 bullfrogs
  8 scorpions
  7 wights
  9 killer bees
  3 electric eels (D:9)
  2 jellies (D:6)
  2 orc priests (D:7)
  A gnoll bouda (D:7)
  9 hounds
  Jessica (D:2)
  5 iguanas
  Ijyb (D:3)
  Natasha (thrice) (D:3)
  6 orc wizards
  Robin (D:3)
  9 adders
  7 gnolls
  A shadow imp (D:7)
  3 white imps
  2 ufetubi
  2 dart slugs
  20 orcs
  8 endoplasms
  4 giant cockroaches
  16 goblins
  9 hobgoblins
  3 jackals (D:4)
  20 kobolds
  4 quokkas
  5 ball pythons
  5 bats
  5 frilled lizards
  4 rats
355 creatures vanquished.

Vanquished Creatures (others)
  2 orcs
  12 fungi
  7 plants
21 creatures vanquished.

Grand Total: 376 creatures vanquished

Notes
Turn   | Place    | Note
-------+----------+-------------------------------------------
     0 | D:1      | Tablelion the Deep Elf Conjurer began the quest for the
                  | Orb.
     0 | D:1      | Reached XP level 1. HP: 10/10 MP: 6/6
   345 | D:1      | Reached XP level 2. HP: 15/15 MP: 4/8
   348 | D:1      | Learned a level 2 spell: Searing Ray
   379 | D:1      | Found a faded altar of an unknown god.
   558 | D:1      | Reached skill level 1 in Ranged Weapons
   870 | D:2      | Reached skill level 5 in Conjurations
   874 | D:2      | Reached XP level 3. HP: 19/19 MP: 2/9
   946 | D:2      | Noticed Jessica
   960 | D:2      | Killed Jessica
   961 | D:2      | Reached skill level 2 in Ranged Weapons
  1161 | D:2      | Noticed Sigmund
  1170 | D:2      | Killed Sigmund
  1171 | D:2      | Reached skill level 4 in Ranged Weapons
  1171 | D:2      | Reached XP level 4. HP: 24/24 MP: 3/12
  1171 | D:2      | Reached XP level 5. HP: 28/28 MP: 3/13
  1176 | D:2      | Learned a level 4 spell: Iskenderun's Mystic Blast
  1928 | D:3      | Noticed Ijyb
  1935 | D:3      | Killed Ijyb
  1936 | D:3      | Reached skill level 1 in Fighting
  1936 | D:3      | Reached XP level 6. HP: 28/34 MP: 8/14
  1998 | D:3      | Reached skill level 5 in Ranged Weapons
  2004 | D:3      | Noticed Robin
  2013 | D:3      | Killed Robin
  2186 | D:3      | Noticed Natasha
  2194 | D:3      | Killed Natasha
  2233 | D:3      | Noticed Natasha
  2242 | D:3      | Killed Natasha
  2392 | D:3      | Noticed Natasha
  2397 | D:3      | Killed Natasha
  2398 | D:3      | Reached skill level 5 in Spellcasting
  3065 | D:4      | Found an ancient bone altar of Kikubaaqudgha.
  3077 | D:4      | Found a blossoming altar of Fedhas.
  3078 | D:4      | Found a sparkling altar of Nemelex Xobeh.
  3082 | D:4      | Found a bloodstained altar of Trog.
  3143 | D:4      | Found a staircase to the Ecumenical Temple.
  3393 | D:4      | Reached skill level 6 in Ranged Weapons
  3393 | D:4      | Reached XP level 7. HP: 36/38 MP: 10/16
  3787 | Temple   | Entered the Ecumenical Temple
  3820 | Temple   | Became a worshipper of Vehumet
  3871 | D:5      | Entered Level 5 of the Dungeon
  3950 | D:5      | Reached skill level 7 in Ranged Weapons
  4579 | D:5      | Reached XP level 8. HP: 45/45 MP: 13/18
  4657 | D:5      | Reached skill level 8 in Ranged Weapons
  4842 | D:6      | Found a sacrificial altar of Ru.
  5006 | D:6      | Noticed Grinder
  5008 | D:6      | Paralysed by Grinder for 3 turns
  5018 | D:6      | Paralysed by Grinder for 5 turns
  5026 | D:6      | Killed Grinder
  5027 | D:6      | Reached skill level 9 in Ranged Weapons
  5091 | D:6      | Reached * piety under Vehumet
  5091 | D:6      | Offered knowledge of Sandblast by Vehumet.
  5180 | D:6      | Learned a level 1 spell: Sandblast
  5238 | D:6      | Found a broken altar of Ashenzari.
  5293 | D:6      | Reached skill level 10 in Ranged Weapons
  5394 | D:6      | Reached skill level 1 in Shields
  5539 | D:6      | Found an ornate altar of the Wu Jian Council.
  5633 | D:6      | Reached XP level 9. HP: 49/51 MP: 14/20
  5667 | D:6      | Identified the +1 robe of Gluttony {Contam rN+ Archmagi}
  6318 | D:7      | Learned a level 3 spell: Portal Projectile
  6345 | D:7      | Offered knowledge of Scorch by Vehumet.
  6449 | D:7      | Learned a level 2 spell: Scorch
  6626 | D:7      | Reached ** piety under Vehumet
  6627 | D:7      | Reached skill level 1 in Hexes
  6628 | D:7      | Reached skill level 11 in Ranged Weapons
  7007 | D:7      | Reached skill level 1 in Translocations
  7131 | D:7      | Found a glowing golden altar of the Shining One.
  7244 | D:7      | Found an opulent altar of Gozag.
  7457 | D:7      | Reached skill level 12 in Ranged Weapons
  7580 | D:7      | Noticed a troll
  7742 | D:6      | Upgraded the game from 0.30-a0-374-g95c0257 to
                  | 0.30-a0-377-g5cb311b
  8149 | D:8      | Identified the ring "Leucven" {Contam +Blink rPois rF+
                  | Int+7}
  8180 | D:8      | Reached XP level 10. HP: 56/56 MP: 19/23
  8195 | D:8      | Offered knowledge of Poisonous Vapours by Vehumet.
  8199 | D:8      | Learned a level 2 spell: Poisonous Vapours
  8362 | D:8      | Noticed a two-headed ogre
  8371 | D:8      | Killed a two-headed ogre
  8539 | D:8      | Reached *** piety under Vehumet
  8698 | D:8      | Identified the +0 pair of gloves of Baldness {rN+++ Will-
                  | Regen+ Str+2}
  8701 | D:8      | Found a flagged portal.
  8705 | D:8      | Reached skill level 5 in Fighting
  8709 | Bailey   | Entered a bailey
  8874 | D:8      | Offered knowledge of Mephitic Cloud by Vehumet.
  9291 | D:9      | Found Roataoq's Elemental Accessories.
  9306 | D:9      | Reached skill level 13 in Ranged Weapons
  9360 | D:9      | Noticed a two-headed ogre
  9372 | D:9      | Killed a two-headed ogre
  9420 | D:9      | Reached skill level 1 in Evocations
  9429 | D:9      | Reached skill level 5 in Dodging
  9749 | D:9      | Found a staircase to the Lair.
  9774 | Lair:1   | Entered Level 1 of the Lair of Beasts
  9783 | Lair:1   | Reached XP level 11. HP: 64/64 MP: 17/25
  9793 | Lair:1   | Reached skill level 14 in Ranged Weapons
  9802 | Lair:1   | Reached **** piety under Vehumet
 10426 | Lair:1   | Offered knowledge of Stone Arrow by Vehumet.
 10532 | Lair:1   | Reached skill level 10 in Spellcasting
 10534 | Lair:1   | Reached skill level 5 in Stealth
 11510 | Lair:2   | Reached XP level 12. HP: 68/71 MP: 13/28
 11792 | Lair:2   | Reached skill level 15 in Ranged Weapons
 12047 | Lair:2   | Learned a level 3 spell: Stone Arrow
 12475 | Lair:2   | Found a staircase to the Shoals.
 12485 | Lair:2   | Reached skill level 5 in Earth Magic
 12592 | Lair:2   | Identified a scroll of acquirement
 12593 | Lair:2   | Acquired a +3 triple crossbow of electrocution
 12840 | Lair:2   | Noticed a boulder beetle
 12859 | Lair:2   | Killed a boulder beetle
 12987 | Lair:2   | Reached skill level 1 in Poison Magic
 12994 | Lair:2   | Reached ***** piety under Vehumet
 13008 | Lair:2   | Offered knowledge of Flame Wave by Vehumet.
 13172 | Lair:2   | Learned a level 4 spell: Flame Wave
 13286 | Lair:2   | Identified the +0 leather armour of Bespelled Beauty {Str+4
                  | Slay-5}
 13374 | Lair:2   | Noticed a five-headed hydra
 13374 | Lair:2   | Noticed a death yak
 13500 | Lair:2   | Noticed a four-headed hydra
 13512 | Lair:2   | Reached skill level 1 in Air Magic
 13516 | Lair:2   | Killed a four-headed hydra
 13516 | Lair:2   | Noticed a six-headed hydra
 13569 | Lair:2   | Killed a six-headed hydra
 13705 | Lair:2   | Killed a death yak
 13706 | Lair:2   | Reached XP level 13. HP: 76/76 MP: 9/31
 13707 | Lair:2   | Reached skill level 16 in Ranged Weapons
 13811 | Lair:2   | Reached skill level 1 in Fire Magic
 13917 | Lair:2   | Identified the +1 falchion "Tuded" {chaos, rF+ rC+ Int+3}
 14230 | Lair:2   | Reached skill level 5 in Translocations
 14801 | Lair:3   | Found a staircase to the Snake Pit.
 15408 | Snake:1  | Entered Level 1 of the Snake Pit
 15408 | Snake:1  | Found a large runed translucent door.
 15408 | Snake:1  | Found a large runed translucent door.
 15586 | Snake:1  | Noticed Aizul
 15588 | Snake:1  | Shot with an arrow by a salamander

Illustrated notes

Levels and vault maps discovered:
D:1:      eino_arrival_water_cross, layout_basic,
          shapermc_ecumenical_altar_totnotflames, patterned_corridor
D:2:      layout_basic, uniq_sigmund, uniq_jessica
D:3:      layout_loops_ring, uniq_ijyb, uniq_natasha, uniq_robin
D:4:      kennysheep_big_flooded_room, layout_rooms,
          chequers_temple_overflow_statue_of_worship, lemuel_doored_altar,
          minmay_temple_entry_hall
D:5:      layout_rooms, serial_rivers, chequers_serial_rivers_micro_a,
          chequers_serial_rivers_small_a, chequers_serial_rivers_small_3,
          chequers_serial_rivers_micro_b
D:6:      layout_basic, amcnicky_altar_gilded, lemuel_tele_altar,
          nicolae_ashenzari_skybound, uniq_grinder
D:7:      wad_guarded_room, layout_basic, mainiacjoe_overflow_alcove_1,
          nicolae_gozag_cash_rules_everything_around_me, st_stairs_1
D:8:      layout_basic, enter_bailey_3, lightli_minifort
D:9:      layout_roguey, erik_lair_island, nicolae_elemental_shop,
          ebering_dispersal_statue_hall, minmay_fire_ice_demons
Temple:   minmay_temple_curvy_loop
Lair:1:   layout_chaotic_city, infiniplex_staircase_pool, grunt_megastairs_5,
          lemuel_fruit_fields, lemuel_fruit_fields, lemuel_fruit_fields
Lair:2:   nzn_winding_woodlands_huge [nzn_winding_woodlands_5x15_default,
          nzn_winding_woodlands_5x15_split_checker,
          nzn_winding_woodlands_5x15_pathside_ponds,
          nzn_winding_woodlands_5x15_zeroes, nzn_winding_woodlands_5x15_crooked,
          nzn_winding_woodlands_5x15_garden,
          nzn_winding_woodlands_5x15_sawtooth,
          nzn_winding_woodlands_5x15_sidewinder,
          nzn_winding_woodlands_5x15_pockets, nzn_winding_woodlands_5x15_eye,
          nzn_winding_woodlands_center_triple_pond,
          nzn_winding_woodlands_center_lodge,
          nzn_winding_woodlands_15x15_thick_spiral], layout_regular_city,
          elwin_shoals_entry_rooms
Lair:3:   layout_cellular_growth, minmay_snake_entry_guardpost_large
Snake:1:  gammafunk_sealed_library, layout_misc_corridors,
          ebering_ghost_disaster_area, uniq_aizul

Skill      XL: |  1  2  3  4  5  6  7  8  9 10 11 12 13 |
---------------+----------------------------------------+-----
Ranged Weapons | 1 4 6 7 10 12 13 14 15 16 | 16.5
Conjurations   | 5 6 7 8 9 |  9.7
Stealth        | 3 4 5 |  5.0
Spellcasting   | 4 5 6 7 8 10 12 13 | 13.3
Fighting       | 1 2 3 4 5 6 7 |  7.1
Dodging        | 3 4 5 7 |  7.1
Shields        | 1 2 3 |  3.4
Hexes          | 1 |  1.6
Translocations | 2 3 4 5 |  5.2
Earth Magic    | 2 3 4 6 |  6.6
Evocations     | 1 2 |  2.2
Poison Magic   | 1 |  1.9
Air Magic      | 1 |  1.2
Fire Magic     | 1 |  1.8
Short Blades   | |  0.1
Maces & Flails | |  0.5

Action                   |  1- 3 |  4- 6 |  7- 9 | 10-12 | 13-15 || total
-------------------------+-------+-------+-------+-------+-------++-------
Melee: Whip              |     6 |     7 |       |     9 |       ||    22
       Dagger            |       |     9 |       |       |       ||     9
       Sling             |       |       |     2 |       |       ||     2
 Fire: Sling             |    41 |   100 |   246 |   314 |       ||   701
       Triple crossbow   |       |       |       |    58 |    73 ||   131
 Cast: Magic Dart        |    28 |    18 |    14 |    22 |     3 ||    85
       Searing Ray       |     3 |     6 |    49 |    24 |     1 ||    83
       Iskenderun's Myst |       |     2 |     7 |    80 |     8 ||    97
       Sandblast         |       |       |     5 |    56 |    16 ||    77
       Portal Projectile |       |       |     4 |     1 |       ||     5
       Poisonous Vapours |       |       |       |     6 |       ||     6
       Scorch            |       |       |       |     3 |     1 ||     4
       Stone Arrow       |       |       |       |    18 |       ||    18
       Flame Wave        |       |       |       |     1 |     1 ||     2
 Abil: Evoke Blink       |       |       |       |     2 |       ||     2
Evoke: Wand              |       |       |       |     6 |       ||     6
       Phial of floods   |       |       |       |     1 |       ||     1
  Use: Potion            |     1 |     3 |     5 |     9 |     2 ||    20
       Scroll            |       |       |    12 |     8 |     2 ||    22
Armor: Robe              |       |    12 |    37 |    84 |    10 ||   143
       Skin              |       |       |       |     8 |       ||     8
Dodge: Dodged            |    11 |    27 |   106 |   186 |    34 ||   364
Block: Buckler           |       |       |    51 |    74 |       ||   125

Table legend: (Time is in decaauts)
 A = Elapsed time spent in this place.
 B = Non-inter-level travel time spent in this place.
 C = Inter-level travel time spent in this place.
 D = Time resting spent in this place.
 E = Time spent auto-exploring this place.
 F = Levels seen in this place.
 G = Mean time per level.
                   A        B        C        D        E       F      G
               +--------+--------+--------+--------+--------+-----+--------+
         Total |  15681 |  15074 |    607 |   1553 |  10855 |  15 | 1045.4 |
       Dungeon |   9862 |   9491 |    371 |   1049 |   6843 |   9 | 1095.8 |
        Temple |     69 |     30 |     39 |      0 |     24 |   1 |   69.0 |
          Lair |   5537 |   5341 |    196 |    477 |   3882 |   3 | 1845.7 |
     Snake Pit |    188 |    188 |      0 |     27 |    100 |   1 |  188.0 |
        Bailey |     24 |     24 |      0 |      0 |      6 |   1 |   24.0 |
               +--------+--------+--------+--------+--------+-----+--------+

Top non-repeatable levels by time:
  Lair:2: 2806 daAuts
     D:7: 1657 daAuts
     D:6: 1596 daAuts
  Lair:1: 1509 daAuts
  Lair:3: 1221 daAuts
     D:8: 1195 daAuts
     D:3: 1134 daAuts
     D:2: 1043 daAuts
     D:1: 878 daAuts
     D:4: 874 daAuts
     D:5: 785 daAuts
     D:9: 697 daAuts
 Snake:1: 188 daAuts
  Temple: 69 daAuts
  Bailey: 24 daAuts
